Match 41452614
Unlisted

Match 41452614
End
Panzergrenadier Squad
Kradschützen Motorcycle Team
Panzergrenadier Squad
Panzergrenadier Squad
Construct Light Support Kompanie
2.5-tonne Medical Truck
Fire Support Elements
Panzerjäger Mechanized Group
Selects Panzerjäger Kommand Battlegroup
Selects Tank Busters
Selects Mine Fields
Pak 38 Anti-tank Gun Team
cannot compute
Ruin
BrainySmurf
BigNol
OHMYGOD
Kitty
MarsAlien
Simpson22
0
0

Comments sign in to comment!

No comments posted yet!